 Dungeon Crawl Stone Soup version 0.28-a0-535-g6f645e4c1d (webtiles) character file.

Game seed: 14587483816626889367

57 Zenkrye the Chopper (level 3, -18/31 HPs)
             Began as a Palentonga Fighter on Sept 26, 2021.
             Demolished by Crazy Yiuf (21 damage)
             ... on level 2 of the Dungeon.
             The game lasted 00:03:11 (1646 turns).

Zenkrye the Chopper (Palentonga Fighter)            Turns: 1646, Time: 00:03:11

Health: -18/31     AC: 12    Str: 19    XL:     3   Next: 73%
Magic:  3/3        EV:  3    Int: 14    God:
Gold:   74         SH:  4    Dex: 10    Spells: 2/2 levels left

rFire   . . .      SeeInvis +   a - +0 war axe
rCold   . . .      Faith    .   c - +0 buckler
rNeg    . . .      Spirit   .   m - +0 chain mail
rPois   .          Reflect  .   (no helmet)
rElec   .          Harm     .   (no cloak)
rCorr   .          Rampage  .   (no gloves)
Will    .....                   k - +0 barding
Stlth   ..........              (no amulet)
HPRegen 0.10/turn               t - +6 ring of intelligence
MPRegen 0.08/turn               (no ring)

@: mighty
A: large, rugged brown scales 3, see invisible, deformed body, roll 1, armoured
tail
a: Rolling Charge


You were on level 2 of the Dungeon.
You visited 1 branch of the dungeon, and saw 2 of its levels.

You collected 74 gold pieces.

Inventory:

Hand Weapons
 a - a +0 war axe (weapon)
Missiles
 g - 65 stones (quivered)
 j - 62 bolts
Armour
 b - a +0 scale mail
 c - a +0 buckler (worn)
 k - a +0 barding (worn)
 m - a +0 chain mail (worn)
Jewellery
 t - a +6 ring of intelligence (left hand)
Potions
 e - a potion of magic {unknown}
 f - a potion of curing {unknown}
 h - a potion of invisibility {unknown}
 i - a potion of attraction {unknown}
 l - 2 potions of mutation {unknown}
 n - 3 potions of flight {unknown}


   Skills:
 - Level 3.0 Fighting
 + Level 4.1 Axes
 - Level 2.4 Armour
 - Level 2.4 Shields


You had 2 spell levels left.
You didn't know any spells.
Your spell library was empty.

Dungeon Overview and Level Annotations

Branches:
Dungeon (2/15)

Altars:

Annotations:
D:2 Crazy Yiuf


Innate Abilities, Weirdness & Mutations

You are completely covered in rugged brown scales. (AC +3, +7% HP)
You have supernaturally acute eyesight. (SInv)
Armour fits poorly on your strangely shaped body.
You can roll at nearby foes to attack.
You have a long armoured tail.


Message History

You enter the shallow water.
Moving in this stuff is going to be slow.
You enter the shallow water.
Moving in this stuff is going to be slow.
You see here 16 sling bullets.
You see here a +0 ring mail.
Crazy Yiuf shouts!
Unknown command.
Unknown command.
You aren't carrying any items that you can evoke.
Okay, then.
Unknown command.
You aren't carrying any scrolls.
Unknown command.
You open the door. You hit Crazy Yiuf.
Crazy Yiuf is lightly wounded.
Crazy Yiuf hits you with a +3 quarterstaff of chaos.
You feel your power leaking away.
Crazy Yiuf hits you with a +3 quarterstaff of chaos!
Crazy Yiuf burns you.
You barely miss Crazy Yiuf.
Crazy Yiuf hits you with a +3 quarterstaff of chaos.
* * * LOW HITPOINT WARNING * * *
Crazy Yiuf says, "Tosser horse snail!"
Crazy Yiuf cries, "You leg down broken song, no?"
Crazy Yiuf screams, "Ice leg sing!"
Crazy Yiuf grits, "Line!
Peeping snail down."
Crazy Yiuf grits, "Proton!"
Crazy Yiuf says, "Gum!
Ghoul eyeball horse."
Crazy Yiuf grits, "Walk light bush!"
Crazy Yiuf hits you with a +3 quarterstaff of chaos.
* * * LOW HITPOINT WARNING * * *
Crazy Yiuf burns you.
* * * LOW HITPOINT WARNING * * *
You feel very mighty all of a sudden. Crazy Yiuf hits you but does no damage.
Space warps horribly around you!!
Ouch! That really hurt!
You die...

..###........##.##..........##
#≈≈≈..#.#....##..#........###
≈≈≈≈.##.##...###..........#
≈⌠.≈###..#...#####........#
≈≈≈≈# #...>......##..######
.≈≈≈# #..........###..#
....###[.........####.###
.............>...##.....#
.......#........@g..#####
................#####
................#
...##...........#
................#
..........##....#####
.<..................#
#.[.#...#...........#
.......##...........#


You could see Crazy Yiuf.

Vanquished Creatures
  Terence (D:2)
  A worm (D:2)
  6 bats
  2 endoplasms (D:1)
  A giant cockroach (D:1)
  2 goblins
  3 hobgoblins
  7 jackals
  A ball python (D:2)
  A frilled lizard (D:2)
  2 kobolds (D:2)
  A rat (D:1)
28 creatures vanquished.

Notes
Turn   | Place    | Note
-------+----------+-------------------------------------------
     0 | D:1      | Zenkrye the Palentonga Fighter began the quest for the Orb.
     0 | D:1      | Reached XP level 1. HP: 19/19 MP: 1/1
   169 | D:1      | Reached XP level 2. HP: 20/25 MP: 2/2
   582 | D:1      | Reached skill level 3 in Axes
   653 | D:1      | Found a faded altar of an unknown god.
  1101 | D:2      | Reached XP level 3. HP: 30/31 MP: 3/3
  1222 | D:2      | Noticed Terence
  1234 | D:2      | Killed Terence
  1235 | D:2      | Reached skill level 4 in Axes
  1463 | D:2      | Found a runed translucent door.
  1464 | D:2      | Noticed Crazy Yiuf
  1646 | D:2      | Demolished by Crazy Yiuf

Illustrated notes

Levels and vault maps discovered:
D:1:      dpeg_arrival_rooms_c, layout_rooms,
          shapermc_ecumenical_altar_mp_highgroup, roderic_serpentine_path,
          roderic_nine_men_s_morris, minmay_misc_feat_diagonals
D:2:      layout_rooms, hangedman_feature_mirror, uniq_terence,
          uniq_crazy_yiuf_cottage

Skill      XL: |  1  2  3 |
---------------+----------+-----
Axes           | 3 4 |  4.1
Fighting       | |  3.0
Armour         | |  2.4
Shields        | |  2.4

Action                   || total
-------------------------++-------
Melee: War axe           ||    74
       Tailslap          ||     7
Throw: Stone             ||    12
 Abil: Rolling Charge    ||     8
  Use: Scroll            ||     3
       Potion            ||     1
Armor: Scale mail        ||    47
       Chain mail        ||     1
Dodge: Dodged            ||    31
Block: Buckler           ||    22

Table legend: (Time is in decaauts)
 A = Elapsed time spent in this place.
 B = Non-inter-level travel time spent in this place.
 C = Inter-level travel time spent in this place.
 D = Time resting spent in this place.
 E = Time spent auto-exploring this place.
 F = Levels seen in this place.
 G = Mean time per level.
                   A        B        C        D        E       F      G
               +--------+--------+--------+--------+--------+-----+--------+
         Total |   1676 |   1639 |     37 |    120 |   1266 |   2 |  838.0 |
       Dungeon |   1676 |   1639 |     37 |    120 |   1266 |   2 |  838.0 |
               +--------+--------+--------+--------+--------+-----+--------+

Top non-repeatable levels by time:
     D:1: 955 daAuts
     D:2: 720 daAuts
